 Dungeon Crawl Stone Soup version 0.27.1-37-g7b29ead8ac (webtiles) character file.

Game seed: 16647220311451905012

13675 AarnesTheHuman the Spear-Bearer (level 12, -4/95 HPs)
             Began as a Formicid Fighter on June 7, 2023.
             Was a Priest of Yredelemnul.
             Engulfed by a cloud of flame (22 damage)
             ... in a volcano.
             The game lasted 00:25:40 (15041 turns).

AarnesTheHuman the Spear-Bearer (Formicid Fighter) Turns: 15041, Time: 00:25:41

Health: -4/95      AC: 18    Str: 25    XL:     12   Next: 35%
Magic:  18/18      EV:  8    Int:  9    God:    Yredelemnul [***...]
Gold:   720        SH: 12    Dex: 10    Spells: 11/11 levels left

rFire    . . .     SeeInvis +   a - +2 glaive (flame)
rCold    + . .     Faith    .   c - +0 kite shield
rNeg     . . .     Spirit   .   A - +0 chain mail
rPois    +         Reflect  .   (helmet unavailable)
rElec    .         Harm     .   N - +2 cloak {rPois}
rCorr    .         Rampage  ∞   (no gloves)
Will     +....                  y - +3 pair of seven-league boots {Rampage+∞}
Stlth    ..........             (no amulet)
HPRegen  0.25/turn              g - ring of poison resistance
MPRegen  0.16/turn              G - ring of protection from cold

@: no status effects
A: permanent stasis, dig shafts and tunnels, antennae 3, four strong arms
a: Dig, Renounce Religion, Recall Undead Slaves, Injury Mirror, Animate Dead


You were in a volcano.
You worshipped Yredelemnul.
Yredelemnul was most pleased with you.
You visited 3 branches of the dungeon, and saw 12 of its levels.
You also visited: Volcano.

You collected 720 gold pieces.

Inventory:

Hand Weapons
 a - a +2 glaive of flaming (weapon)
 k - a +0 trident
 z - a +2 spear of venom
 Q - a +0 glaive
 T - a +2 shortbow of flaming
 V - a +1 glaive of flaming
 W - a +0 lajatang of flaming
 X - a +0 quarterstaff of flaming
 Y - a +2 broad axe of flaming
Missiles
 e - 417 stones
 s - 4 throwing nets
 u - 133 bolts
 x - 20 poisoned darts (quivered)
 P - 2 curare-tipped darts
 U - 35 arrows
Armour
 b - a +0 scale mail
 c - a +0 kite shield (worn)
 y - the +3 pair of seven-league boots (worn) {Rampage+∞}
   (You acquired it on level 4 of the Dungeon)

   Its wearer moves as far as possible in that direction when moving towards
   enemies.
 A - a +0 chain mail (worn)
 K - a +0 plate armour
 N - a +2 cloak of poison resistance (worn)
Magical Staves
 p - a staff of cold
Jewellery
 g - a ring of poison resistance (left hand)
 B - a ring of positive energy
 G - a ring of protection from cold (right hand)
 I - an amulet of magic regeneration
 L - a ring of positive energy
Wands
 j - a wand of flame (27)
 q - a wand of acid (7)
 t - a wand of mindburst (7)
 C - a wand of iceblast (6)
 E - a wand of polymorph (47)
 S - a wand of digging (6)
Scrolls
 h - a scroll of acquirement
 r - 2 scrolls of blinking
 w - a scroll of magic mapping
 D - 2 scrolls of amnesia
 H - a scroll of enchant weapon {unknown}
 R - 3 scrolls of identify
Potions
 d - 6 potions of might
 f - 2 potions of haste
 i - 2 potions of degeneration
 l - a potion of cancellation
 m - 2 potions of heal wounds
 o - 6 potions of curing
 v - 2 potions of brilliance
 F - 3 potions of mutation
 J - a potion of magic
 M - a potion of lignification
 O - 4 potions of flight


   Skills:
 + Level 9.1 Fighting
 - Level 13.0 Polearms
 - Level 7.0 Armour
 - Level 1.3 Dodging
 - Level 0.5 Stealth
 - Level 9.0 Shields
 - Level 9.0 Invocations


You had 11 spell levels left.
You didn't know any spells.
Your spell library contained the following spells:

 Spells                   Type           Power      Damage    Failure   Level
 Apportation              Tloc           0%         N/A       93%         1
 Foxfire                  Conj/Fire      0%         2x1d4     93%         1
 Freeze                   Ice            0%         1d3       93%         1
 Summon Small Mammal      Summ           0%         N/A       93%         1
 Sublimation of Blood     Necr           0%         N/A       98%         2
 Wereblood                Tmut           0%         N/A       98%         2
 Conjure Flame            Conj/Fire      0%         6-21      100%        3
 Frozen Ramparts          Ice            0%         1d2       100%        3
 Ignite Poison            Fire/Tmut/Pois 0%         N/A       100%        3
 Inner Flame              Hex/Fire       0%         N/A       100%        3
 Ozocubu's Armour         Ice            0%         N/A       100%        3
 Tukima's Dance           Hex            0%         N/A       100%        3
 Hailstorm                Conj/Ice       0%         3d3       100%        4
 Ice Form                 Ice/Tmut       0%         N/A       100%        4
 Passage of Golubria      Tloc           N/A        N/A       100%        4
 Sticky Flame             Conj/Fire      0%         2d3       100%        4
 Summon Ice Beast         Ice/Summ       0%         N/A       100%        4
 Alistair's Intoxication  Tmut/Pois      0%         N/A       100%        5
 Metabolic Englaciation   Hex/Ice        0%         N/A       100%        5
 Yara's Violent Unravell  Hex/Tmut       0%         3d3       100%        5
 Invisibility             Hex            0%         N/A       100%        6
 Simulacrum               Ice/Necr       0%         N/A       100%        6
 Summon Hydra             Summ           0%         N/A       100%        7


Dungeon Overview and Level Annotations

Branches:
Dungeon (10/15)            Temple (1/1) D:7            Lair (1/6) D:8
Volcano (1/1)
    Orc: D:9-12

Altars:
Ashenzari
Cheibriados
Dithmenos
Elyvilon
Fedhas
Gozag
Hepliaklqana
Kikubaaqudgha
Makhleb
Nemelex Xobeh
Okawaru
Qazlal
Ru
Sif Muna
Trog
Uskayaw
Vehumet
Wu Jian
Xom
Yredelemnul
Zin
The Shining One

Shops:
D:6 (   D:8 *

Annotations:
Lair:1 2 transporters


Innate Abilities, Weirdness & Mutations

You cannot be hasted, slowed, berserked, paralysed or teleported.
You can dig through walls and to a lower floor.
You have a pair of large antennae on your head. (SInv)
Your four strong arms can wield two-handed weapons with a shield.


Message History

The blast of flame misses you.
The hell hound pauses to sniff the ground.
The hell hound barely misses you. You block the hell hound's attack.
You block the hell hound's attack. The hell hound breathes flames at you.
The blast of flame hits you. The hell hound barely misses you.
You see here a +0 shortbow of flaming.
There is an open door, spattered with blood here.
The hell hound breathes flames at you. The blast of flame hits you!
The hell hound pauses to sniff the ground.
The hell hound breathes flames at you. The blast of flame hits you!!
There is a rocky tunnel leading out of this place here.
You are too injured to fight recklessly!
You block the hell hound's attack.
There is a rock-blocked tunnel here.
You miss the hell hound. You block the hell hound's attack.
The hell hound breathes flames at you. The blast of flame hits you!
* * * LOW HITPOINT WARNING * * *
There is nothing on the other side of the stone arch.
You extend your mandibles.
You dig through the rock wall.
The air gets thick with the scent of sulphur.
You retract your mandibles.
Why would you want to do that?
Unknown command.
Unknown command.
Unknown command.
As you read the scroll of fear, it crumbles to dust.
You assume a fearsome visage.
The hell hound is unaffected.
The salamander looks frightened!
You block the hell hound's attack. x2
You slash the hell hound!
The hell hound is moderately wounded.
In the distance, the volcano erupts with a roar.
You are engulfed in blazing flames.
You die...
Your body rises from the dead as a mindless zombie.

≈≈≈≈≈≈≈.##..##§§≈§
≈≈≈≈≈≈≈..#.##.§§≈§
≈≈≈≈≈≈≈.N......≈≈§
≈≈≈≈≈≈≈........≈≈≈
≈≈≈≈☼○☼#)######§≈§
≈≈≈≈≈☼○##'{{## §§
≈≈≈≈≈○☼☼####N#
≈≈≈≈≈☼☼☼§#h☼##
≈≈≈≈○☼☼○@###
≈≈≈≈☼○○☼○☼§☼§≈≈§
≈≈≈☼§☼○○§○○☼○#≈
##############


You could see a salamander (fleeing) and a hell hound (catching breath).

Vanquished Creatures
  Erica (D:8)
  2 two-headed ogres
  Maurice (D:8)
  A cane toad (Lair:1)
  A komodo dragon (Lair:1)
  A troll (D:10)
  5 blink frogs
  Prince Ribbit (D:5)
  Sigmund (D:5)
  A wraith (D:9)
  A vampire (D:10)
  19 yaks (D:10)
  3 basilisks (Lair:1)
  A fire bat (Volcano)
  A steam dragon (D:8)
  A hell hound (Volcano)
  2 water moccasins
  2 sky beasts
  An ice beast (D:7)
  3 orc warriors
  2 black bears
  7 centaurs
  2 necrophages
  A phantom (D:4)
  2 kobold brigands
  6 bullfrogs (Lair:1)
  A gnoll sergeant (D:8)
  A wyvern zombie (D:7)
  2 water moccasin skeletons
  6 wights
  8 killer bees (D:9)
  5 electric eels (D:8)
  A bullfrog zombie (D:6)
  6 howler monkeys
  3 centaur zombies
  6 orc priests
  4 hounds
  A jelly (D:6)
  A gnoll shaman (D:3)
  A centaur skeleton (D:7)
  Jessica (D:2)
  3 iguanas
  6 orc wizards
  A scorpion zombie (D:5)
  2 killer bee zombies (D:8)
  A hound skeleton (D:5)
  Robin (D:2)
  6 adders
  26 gnolls
  A howler monkey skeleton (D:5)
  A white imp (D:7)
  2 worms
  2 dart slugs
  50 orcs
  4 ball pythons
  6 bats
  3 endoplasms
  A giant cockroach (D:1)
  12 goblins
  7 hobgoblins
  19 jackals
  3 quokkas
  3 frilled lizards
  6 kobolds
  A quokka skeleton (D:3)
  5 rats
288 creatures vanquished.

Vanquished Creatures (collateral kills)
  A black mamba (Lair:1)
  A cane toad (Lair:1)
  A wyvern (D:8)
  3 yaks
  A wight (D:8)
  An orc (D:9)
8 creatures vanquished.

Vanquished Creatures (others)
  A centaur (Volcano)
  2 two-headed ogre zombies
  A wyvern zombie (D:8)
  A human zombie (D:8)
  A steam dragon zombie (D:8)
  3 yak zombies (D:10)
  3 centaur zombies
  An electric eel zombie (D:8)
  2 gnoll skeletons (D:8)
  A howler monkey zombie (D:8)
  4 killer bee zombies (D:9)
  3 orc zombies
  3 yak skeletons (D:10)
  6 fungi
  45 plants
77 creatures vanquished.

Grand Total: 373 creatures vanquished

Notes
Turn   | Place    | Note
-------+----------+-------------------------------------------
     0 | D:1      | AarnesTheHuman the Formicid Fighter began the quest for the
                  | Orb.
     0 | D:1      | Reached XP level 1. HP: 18/18 MP: 1/1
    97 | D:1      | Reached XP level 2. HP: 20/24 MP: 2/2
   708 | D:1      | Reached XP level 3. HP: 30/30 MP: 3/3
  1257 | D:2      | Noticed Jessica
  1260 | D:2      | Killed Jessica
  1261 | D:2      | Reached XP level 4. HP: 37/37 MP: 4/4
  1288 | D:2      | Noticed Robin
  1317 | D:2      | Killed Robin
  1651 | D:2      | Found a hide-covered altar of Uskayaw.
  1661 | D:2      | Reached skill level 3 in Polearms
  1664 | D:2      | Found a faded altar of an unknown god.
  1680 | D:2      | Got Plato's Reference Book on Companions
  1754 | D:2      | Reached XP level 5. HP: 38/42 MP: 5/5
  2164 | D:3      | Noticed a sky beast
  2187 | D:3      | Killed a sky beast
  2188 | D:3      | Reached skill level 4 in Polearms
  2188 | D:3      | Reached XP level 6. HP: 16/49 MP: 6/6
  2399 | D:3      | Found a broken altar of Ashenzari.
  2923 | D:3      | Reached XP level 7. HP: 55/55 MP: 7/7
  3135 | D:3      | Reached skill level 5 in Shields
  3190 | D:3      | Reached skill level 5 in Armour
  3512 | D:3      | Reached skill level 5 in Polearms
  3614 | D:3      | Reached skill level 1 in Dodging
  3727 | D:3      | Reached skill level 5 in Fighting
  3727 | D:3      | Reached XP level 8. HP: 59/62 MP: 8/8
  3888 | D:3      | Found a broken altar of Ashenzari.
  4414 | D:4      | Identified 3 scrolls of acquirement
  4414 | D:4      | Acquired the +3 pair of seven-league boots {Rampage+∞}
  4414 | D:4      | Found the +3 pair of seven-league boots {Rampage+∞}
  4421 | D:4      | Acquired a +2 glaive of flaming
  4830 | D:4      | Reached skill level 6 in Polearms
  5493 | D:5      | Entered Level 5 of the Dungeon
  5789 | D:5      | Noticed Sigmund
  5798 | D:5      | Killed Sigmund
  6068 | D:5      | Noticed Prince Ribbit
  6085 | D:5      | Killed Prince Ribbit
  6086 | D:5      | Reached XP level 9. HP: 69/69 MP: 9/9
  6847 | D:6      | Reached skill level 7 in Polearms
  7309 | D:6      | Found Jeva's Weapon Shop.
  7483 | D:7      | Found a staircase to the Ecumenical Temple.
  7499 | Temple   | Entered the Ecumenical Temple
  7674 | Temple   | Became a worshipper of Yredelemnul the Dark
  7754 | D:7      | Reached skill level 1 in Invocations
  8180 | D:7      | Reached XP level 10. HP: 62/79 MP: 12/12
  8955 | D:8      | Reached skill level 8 in Polearms
  9214 | D:7      | Reached * piety under Yredelemnul
  9420 | D:8      | Reached skill level 5 in Invocations
  9774 | D:8      | Found Tusidyne's Overcharged Wands.
  9972 | D:8      | Noticed a two-headed ogre
  9982 | D:8      | Killed a two-headed ogre
  9983 | D:8      | Reached skill level 9 in Polearms
 10407 | D:8      | Found a staircase to the Lair.
 10542 | D:8      | Noticed Erica
 10550 | D:8      | Killed Erica
 10581 | D:8      | Noticed Maurice
 10601 | D:8      | Killed Maurice
 10602 | D:8      | Reached XP level 11. HP: 36/84 MP: 16/16
 11054 | D:8      | Your ally Maurice died
 12288 | D:9      | Reached skill level 10 in Polearms
 12672 | D:10     | Entered Level 10 of the Dungeon
 12679 | D:10     | Reached ** piety under Yredelemnul
 13179 | D:10     | Reached skill level 11 in Polearms
 13784 | D:10     | Reached skill level 12 in Polearms
 14241 | Lair:1   | Entered Level 1 of the Lair of Beasts
 14302 | D:8      | Reached XP level 12. HP: 48/91 MP: 18/18
 14449 | Lair:1   | Reached *** piety under Yredelemnul
 14521 | Lair:1   | Reached skill level 13 in Polearms
 14531 | Lair:1   | Found a transporter.
 14550 | Lair:1   | Found a transporter.
 14736 | Lair:1   | Found a dark tunnel.
 14744 | Volcano  | Entered a volcano
 14931 | Volcano  | Noticed a two-headed ogre
 14954 | Volcano  | Killed a two-headed ogre
 15011 | Volcano  | Noticed a two-headed ogre
 15011 | Volcano  | Noticed a two-headed ogre
 15041 | Volcano  | Engulfed by a cloud of flame

Illustrated notes

Levels and vault maps discovered:
D:1:      wander_arrival_fairy_ring, layout_basic,
          ebering_dispersal_statue_hall, minmay_cupped
D:2:      layout_loops_ring, basic_altar, shapermc_ecumenical_altar_rom_forum,
          uniq_robin, uniq_jessica
D:3:      lemuel_castle_with_subvaults [lemuel_castle_interior_carwin_1],
          layout_rooms, evilmike_ruin_ashenzari, st_stairs_2,
          kennysheep_generic_room_15
D:4:      layout_basic, amcnicky_mini_corridor_feature, sigmund_army
D:5:      layout_layer_cave, uniq_sigmund, uniq_prince_ribbit1
D:6:      layout_basic, serial_shops, nicolae_lakefront_shop, corner_web_ring,
          kennysheep_generic_room_8
D:7:      layout_loops_corners, minmay_temple_entry_drinking_statues,
          minmay_circle_x
D:8:      layout_loops_ring, dpeg_oklobed_lair, serial_bayou,
          serial_bayou_shore_a, serial_bayou_crossing, serial_bayou_lagoon_a,
          serial_bayou_pond_d, nicolae_shop_overcharged_wands, uniq_erica,
          uniq_maurice
D:9:      layout_roguey, serial_park_tiny_2, kennysheep_generic_room_4
D:10:     layout_roguey
Temple:   kilobyte_greek_temple
Lair:1:   gammafunk_worm_tunnel, layout_gridlike, enter_volcano_2,
          grunt_forest_small_clearings
Volcano:  volcano_village

Skill      XL: |  1  2  3  4  5  6  7  8  9 10 11 12 |
---------------+-------------------------------------+-----
Shields        | 4 5 6 8 9 |  9.0
Fighting       | 4 5 6 7 9 |  9.1
Polearms       | 3 4 5 6 7 9 12 13 | 13.0
Armour         | 4 5 6 7 |  7.0
Dodging        | 1 |  1.3
Invocations    | 3 7 9 |  9.0
Stealth        | |  0.5

Action                   |  1- 3 |  4- 6 |  7- 9 | 10-12 || total
-------------------------+-------+-------+-------+-------++-------
Melee: Trident           |   109 |    27 |       |       ||   136
       Spear             |       |   118 |   168 |       ||   286
       Glaive            |       |       |   214 |   452 ||   666
Throw: Throwing net      |       |       |       |     1 ||     1
       Dart              |       |       |       |    19 ||    19
Invok: Animate Remains   |       |       |       |    39 ||    39
       Animate Dead      |       |       |       |     3 ||     3
 Abil: Dig               |       |     1 |     1 |     8 ||    10
Evoke: Wand              |       |       |       |     7 ||     7
  Use: Scroll            |       |       |    11 |    12 ||    23
       Potion            |       |       |       |     1 ||     1
 Stab: Distracted        |       |       |       |     1 ||     1
Armor: Scale mail        |    31 |    38 |   125 |    45 ||   239
       Chain mail        |       |       |       |   115 ||   115
Dodge: Dodged            |    38 |    24 |   112 |   156 ||   330
Block: Kite shield       |    49 |    48 |   207 |   261 ||   565
